 Dungeon Crawl Stone Soup version 0.30-a0-137-gd8773701ce (webtiles) character file.

Game seed: 10554037942529937897

143733 drugrobin the Bewitcher (level 16, -7/141 HPs)
             Began as a Demigod Delver on Sept 17, 2022.
             Drowned by a water nymph (9 damage)
             ... on level 2 of the Shoals on Sept 23, 2022.
             The game lasted 02:12:33 (40332 turns).

drugrobin the Bewitcher (Demigod Delver)           Turns: 40332, Time: 02:12:33

Health: -7/141     AC: 17    Str: 15    XL:     16   Next: 31%
Magic:  30/31      EV: 21    Int: 20    God:
Gold:   529        SH: 10    Dex: 28    Spells: 0/29 levels left

rFire   + + +      SeeInvis +    a - +5 rapier (flame)
rCold   + + +      Faith    .    H - +0 buckler {rC+}
rNeg    . . .      Spirit   .    e - +4 robe of Tenacity {rPois rF++ Stlth+}
rPois   +          Reflect  +    n - +2 hat "Berphu Zioge" {rC++ Dex+3}
rElec   .          Harm     .    F - scarf {rC+ rF+}
rCorr   .          Rampage  ∞    z - +0 pair of gloves
Will    +....                    y - +3 pair of seven-league boots {Rampage+∞}
Stlth   +++++.....               J - amulet of reflection
HPRegen 0.33/turn                W - ring of flight
MPRegen 0.22/turn                m - ring of Impatience {AC+4 Str-2 Dex+2 SInv}

@: about to teleport, flying, mesmerised, studying Necromancy
A: high MP 1, forlorn, divine attributes
a: no special abilities


You were on level 2 of the Shoals.
You visited 5 branches of the dungeon, and saw 25 of its levels.
You also visited: Ossuary, Bailey, Gauntlet and Ice Cave.

You collected 2559 gold pieces.
You spent 2030 gold pieces at shops.

Inventory:

Hand Weapons
 a - a +5 rapier of flaming (weapon)
 b - a +3 vampiric quick blade
 c - a +1 dagger of venom
 d - the +9 arbalest of the Viper {speed, rElec rCorr}
   (You bought it in a shop on level 1 of the Orcish Mines)

   Attacks with this weapon are significantly faster.
   rElec:     It insulates you from electricity.
   rCorr:     It protects you from acid and corrosion.
Missiles
 E - 10 silver javelins (quivered)
 Q - 4 silver boomerangs
 S - a curare-tipped dart
Armour
 e - the +4 robe of Tenacity (worn) {rPois rF++ Stlth+}
   (You found it on level 1 of the Lair of Beasts)

   rF:        It greatly protects you from fire.
   rPois:     It protects you from poison.
   Stlth:     It makes you more stealthy.
 n - the +2 hat "Berphu Zioge" (worn) {rC++ Dex+3}
   (You found it in a Gauntlet)

   Dex:       It affects your dexterity (+3).
   rC:        It greatly protects you from cold.
 y - the +3 pair of seven-league boots (worn) {Rampage+∞}
   (You acquired it in a bailey)

   Its wearer moves as far as possible in that direction when moving towards
   enemies.
 z - a +0 pair of gloves (worn)
 F - a scarf of resistance (worn)
 H - a +0 buckler of cold resistance (worn)
Jewellery
 m - the ring of Impatience (right hand) {AC+4 Str-2 Dex+2 SInv}
   (You acquired it on level 9 of the Dungeon)

   [ring of protection]

   AC:        It affects your AC (+4).
   Str:       It affects your strength (-2).
   Dex:       It affects your dexterity (+2).
   SInv:      It lets you see invisible.
 J - an amulet of reflection (around neck)
 P - a ring of willpower
 W - a ring of flight (left hand)
Wands
 g - a wand of digging (8)
 q - a wand of quicksilver (3)
 x - a wand of roots (28)
 G - a wand of flame (39)
 N - a wand of charming (3)
 R - a wand of polymorph (18)
Scrolls
 h - 7 scrolls of butterflies
 k - 2 scrolls of blinking
 A - 2 scrolls of enchant armour
 B - 11 scrolls of immolation
 I - a scroll of vulnerability
 K - 21 scrolls of teleportation
 M - a scroll of poison
 T - a scroll of silence
 X - 7 scrolls of fear
 Y - 2 scrolls of summoning
Potions
 f - 4 potions of haste
 i - a potion of mutation
 j - 5 potions of attraction
 l - 10 potions of heal wounds
 o - 9 potions of curing
 p - a potion of brilliance
 r - a potion of cancellation
 s - 3 potions of lignification
 t - 6 potions of might
 w - a potion of ambrosia
 L - 3 potions of invisibility
 O - 3 potions of magic
 U - a potion of resistance
 V - a potion of berserk rage
Miscellaneous
 C - a condenser vane
 D - a lightning rod (4/4)


   Skills:
 + Level 12.7 Fighting
 - Level 14.0 Short Blades
 - Level 9.8 Dodging
 - Level 4.5 Stealth
 + Level 7.1 Spellcasting
 + Level 17.0 Hexes


You couldn't memorise any spells.
You knew the following spells:

 Your Spells              Type           Power      Damage    Failure   Level
a - Call Imp              Summ           7%         N/A       19%         2
b - Ensorcelled Hibernat  Hex/Ice        82%        N/A       1%          2
c - Confusing Touch       Hex            66%        N/A       1%          3
d - Slow                  Hex            100%       N/A       0%          1
e - Anguish               Hex/Necr       20%        N/A       3%          4
f - Silence               Hex/Air        20%        N/A       11%         5
g - Tukima's Dance        Hex            66%        N/A       1%          3
h - Yara's Violent Unrav  Hex/Tmut       20%        3d9       11%         5
i - Fulminant Prism       Conj/Hex       20%        3d13      3%          4

Your spell library contained the following spells:

 Spells                   Type           Power      Damage    Failure   Level
 Summon Guardian Golem    Hex/Summ       41%        N/A       1%          3
 Enfeeble                 Hex            33%        N/A       10%         7
 Metabolic Englaciation   Hex/Ice        20%        N/A       11%         5
 Magic Dart               Conj           28%        1d4       13%         1
 Sandblast                Erth           14%        2d6       13%         1
 Summon Small Mammal      Summ           28%        N/A       13%         1
 Cigotuvi's Dreadful Rot  Necr/Pois/Air  14%        N/A       19%         2
 Passwall                 Tmut/Erth      5%         N/A       19%         2
 Poisonous Vapours        Pois/Air       14%        N/A       19%         2
 Searing Ray              Conj           14%        2d5       19%         2
 Call Canine Familiar     Summ           7%         N/A       36%         3
 Mephitic Cloud           Conj/Pois/Air  7%         N/A       36%         3
 Spider Form              Tmut/Pois      7%         N/A       36%         3
 Stone Arrow              Conj/Erth      14%        3d7       36%         3
 Vampiric Draining        Necr           7%         2d6       36%         3
 Passage of Golubria      Tloc           7%         N/A       77%         4
 Petrify                  Tmut/Erth      7%         N/A       77%         4
 Summon Lightning Spire   Summ/Air       7%         N/A       77%         4
 Alistair's Intoxication  Tmut/Pois      4%         N/A       98%         5
 Arcjolt                  Conj/Air       3%         1d13      98%         5
 Borgnjor's Vile Clutch   Necr/Erth      3%         N/A       98%         5
 Iskenderun's Battlesphe  Conj           7%         2d6       98%         5
 Eringya's Noxious Bog    Tmut/Pois      3%         N/A       100%        6
 Iron Shot                Conj/Erth      3%         9d2       100%        6
 Statue Form              Tmut/Erth      4%         N/A       100%        6
 Spellforged Servitor     Conj/Summ      3%         N/A       100%        7
 Storm Form               Tmut/Air       3%         N/A       100%        7
 Lehudib's Crystal Spear  Conj/Erth      3%         10d3      100%        8
 Maxwell's Capacitive Co  Air            3%         ∞         100%        8


Dungeon Overview and Level Annotations

Branches:
Dungeon (15/15)            Temple (1/1) D:6            Lair (5/5) D:11
 Shoals (2/4) Lair:3       Spider (0/4) Lair:3        Slime (0/5) Lair:5
    Orc (2/2) D:11            Elf (0/3) Orc:2        Vaults (0/5) D:13
 Depths (0/4) D:15        Ossuary (visited)          Bailey (visited)
  IceCv (visited)         Gauntlet (visited)

Shops:
D:1 (   D:3 *   Orc:1 :(*(!   Orc:2 *?*!   Shoals:1 :

Portals:
Hell: Lair:5

Annotations:
D:10 Lodul
Lair:3 exclusion: 2 oklob plants
Orc:1 2 transporters, Faerphill's ghost, journeyman DgCj


Innate Abilities, Weirdness & Mutations

You have an increased reservoir of magic. (+10% MP)
You shall have no god before yourself.
Your divine heritage dramatically boosts your attributes as you level up.


Message History

Unknown command.
Unknown command.
Unknown command.
Unknown command.
Unknown command.
Unknown command.
Unknown command.
You hit the water nymph. You burn the water nymph.
The water nymph is moderately wounded.
The merfolk aquamancer gestures wildly while chanting.
The merfolk aquamancer blinks!
The water nymph is engulfed in a cloud of scalding steam.
You block the water nymph's attack.
The merfolk aquamancer is wracked by anguish!
The merfolk aquamancer casts a spell.
The merfolk aquamancer blinks!
The water nymph is engulfed in a cloud of scalding steam.
The water nymph completely misses you.
The merfolk aquamancer is wracked by anguish.
Unknown command.
Unknown command.
Unknown command.
Unknown command.
You barely miss the water nymph.
The water nymph is moderately wounded.
The merfolk avatar chants its luring song. x2
Unknown command.
Unknown command.
Unknown command.
Unknown command.
Unknown command.
Unknown command.
You hit the water nymph. You burn the water nymph.
The water nymph is heavily wounded.
The drowned soul touches you. The drowned soul drowns you!
* * * LOW HITPOINT WARNING * * *
The water nymph touches you!
* * * LOW HITPOINT WARNING * * *
The water nymph drowns you!
You die...

...# #..~.~~~~~≈≈≈≈≈≈≈≈≈≈≈≈≈
≈≈...^##..~~~~≈≈≈≈≈≈≈≈≈≈≈≈≈≈≈≈
~~~~......~~~~≈≈≈~~~~≈≈≈≈≈≈≈≈≈≈
~~~~~~=.....~~~~~~~~~~~≈≈≈≈≈≈≈≈≈
~~~........~~~~~†~~~~.~~≈≈≈≈≈≈≈≈≈
~~.......~§~§.§~~~~~~~~~≈≈≈≈≈≈≈≈≈
..^.....~..§§§§.~~~~~~~≈≈≈≈≈≈≈≈≈≈
........~..§§#~m~~~~~~~~≈≈≈≈≈≈≈≈≈
....~.~~m§§§§§~m@~~~~~~~≈≈≈≈≈≈≈≈≈
≈..~~~≈~~§§§§§~m~~~~~~~~≈≈≈≈
≈≈.~§§§≈~§§§mm~~m≈~~~≈≈≈≈≈≈
≈≈≈~~≈§≈mm§§§§§§~~≈≈≈≈≈≈≈≈
≈≈≈~≈≈≈≈...§§§§§~~≈≈≈≈≈≈
≈≈m≈≈≈≈..m.~§§~§~~~≈≈≈≈≈
.~≈≈≈......~~≈≈~~~≈m≈≈≈≈
≈≈≈≈≈≈.....m~~~≈≈≈≈≈~~~≈
≈≈≈≈≈≈≈≈...~~~~≈≈≈≈~~


You could see 2 merfolk avatars, 3 merfolk aquamancers and 2 water nymphs.

Vanquished Creatures
  Roxanne (D:15)
  Azrael (D:15)
  A minotaur (Gauntlet)
  3 merfolk impalers
  Josephine (Lair:4)
  7 hydras
  2 vault guards (Bailey)
  A great orb of eyes (Gauntlet)
  3 centaur warriors
  2 catoblepae
  A satyr (Shoals:1)
  2 dancing weapons (D:13)
  5 boulder beetles
  6 two-headed ogres
  6 death yaks (Lair:1)
  A tengu warrior (D:14)
  3 orc high priests (Orc:2)
  A sun demon (Lair:5)
  The ghost of ytrimaz the Covert, a novice OpTm of Ashenzari (D:10)
  A sixfirhy (Gauntlet)
  6 skeletal warriors
  A death drake (Gauntlet)
  6 sea snakes
  A deep troll (D:10)
  A lindwurm (Lair:5)
  2 necromancers
  A wizard (Lair:5)
  A harpy (shapeshifter) (D:14)
  5 orc knights
  5 deep elf pyromancers
  3 harpies (Shoals:1)
  8 fauns (Shoals:1)
  A deep elf zephyrmancer (D:15)
  Pikel (D:3)
  5 orc sorcerers
  14 ugly things
  3 cyclopes
  6 manticores
  A moth of wrath (D:10)
  2 merfolk sirens (Shoals:1)
  2 spectral centaurs (Gauntlet)
  Joseph (D:8)
  8 elephants
  4 black mambas
  A smoke demon (Lair:5)
  12 cane toads
  4 molten gargoyles (D:9)
  An unseen horror (D:13)
  An ice statue (IceCv)
  An efreet (D:14)
  2 orange demons (Lair:5)
  5 rime drakes
  16 komodo dragons
  A gargoyle (D:13)
  A red devil (Lair:5)
  A merfolk (Shoals:1)
  A freezing wraith (IceCv)
  2 anaconda simulacra (IceCv)
  18 ice devils
  2 hornets
  2 polar bears
  3 trolls
  Prince Ribbit (Bailey)
  4 dream sheep (Lair:4)
  2 snapping turtles
  A spectral meliai (Gauntlet)
  11 slime creatures
  22 blink frogs
  A raiju (Gauntlet)
  A shadow (D:11)
  2 wyverns
  43 yaks
  2 vampires (D:12)
  2 dire elephant simulacra (IceCv)
  7 wraiths
  3 fire elementals (D:15)
  5 humans (Bailey)
  2 steam dragons
  7 basilisks
  3 death yak simulacra
  2 vampire mosquitoes (D:13)
  A redback (Lair:3)
  2 large abominations (Gauntlet)
  A harpy simulacrum (IceCv)
  A warg (Orc:1)
  5 hell hounds
  23 water moccasins
  A hydra simulacrum (IceCv)
  16 orc warriors
  A sky beast (D:6)
  A black bear (Lair:3)
  A hornet zombie (Gauntlet)
  2 ice beasts (D:6)
  9 wolves (Lair:5)
  6 ogres
  8 centaurs
  2 kobold brigands
  21 bullfrogs
  6 cane toad simulacra (IceCv)
  A gnoll sergeant (D:11)
  A necrophage (D:5)
  2 scorpions
  A two-headed ogre simulacrum (IceCv)
  9 wights
  4 elephant simulacra
  15 killer bees
  2 electric eels (Lair:4)
  6 howler monkeys
  A lava snake (D:9)
  4 centaur zombies
  A human zombie (Ossuary)
  13 orc priests
  5 hounds
  A jelly (D:4)
  Crazy Yiuf (D:3)
  12 iguanas
  Jessica (D:3)
  Ijyb (D:3)
  14 orc wizards
  A troll simulacrum (IceCv)
  2 polar bear simulacra (IceCv)
  5 small abominations (Gauntlet)
  2 spriggan simulacra
  8 wolf simulacra (IceCv)
  3 mummies (Ossuary)
  3 gnolls (D:11)
  4 adders
  2 naga simulacra
  A shadow imp (D:6)
  4 white imps
  4 ufetubi
  2 worms
  A dart slug (D:1)
  41 orcs
  6 bats
  11 endoplasms
  A gnoll zombie (Ossuary)
  14 goblins
  9 hobgoblins
  6 quokkas
  9 ball pythons
  22 frilled lizards
  2 goblin zombies (Ossuary)
  10 kobolds
  A kobold zombie (Ossuary)
  2 orc zombies (Ossuary)
  2 rats (D:1)
712 creatures vanquished.

Vanquished Creatures (collateral kills)
  A merfolk javelineer (Shoals:1)
  A tengu warrior (D:15)
  A slime creature (D:15)
  2 iguanas (Lair:4)
  2 kobolds (D:7)
7 creatures vanquished.

Vanquished Creatures (others)
  2 wizards (D:15)
  An orc knight (Orc:2)
  5 dancing weapons
  A redback (Lair:3)
  An orc warrior (Orc:2)
  An orc priest (Orc:2)
  An orc wizard (Orc:2)
  2 spriggan simulacra (D:13)
  A naga simulacrum (D:13)
  An ufetubus (IceCv)
  A bush (D:10)
  39 fungi
  47 plants
103 creatures vanquished.

Grand Total: 822 creatures vanquished

Notes
Turn   | Place    | Note
-------+----------+-------------------------------------------
     0 | D:5      | drugrobin the Demigod Delver began the quest for the Orb.
     0 | D:5      | Reached XP level 1. HP: 18/18 MP: 3/3
    97 | D:5      | Upgraded the game from 0.30-a0-122-g2a1322497e to
                  | 0.30-a0-137-gd8773701ce
   109 | D:5      | Noticed a water moccasin
   129 | D:5      | Noticed a necrophage
   243 | D:5      | Noticed a hound
   265 | D:5      | Noticed a hound
   742 | D:4      | Reached XP level 2. HP: 21/25 MP: 4/4
  1033 | D:4      | Noticed a scorpion
  1250 | D:3      | Noticed Ijyb
  1584 | D:1      | Reached XP level 3. HP: 28/30 MP: 5/5
  2458 | D:1      | Found Nik Zuy's Weapon Shoppe.
  2778 | D:2      | Reached XP level 4. HP: 37/37 MP: 6/6
  2892 | D:2      | Learned a level 2 spell: Call Imp
  3336 | D:3      | Found Gozag's Platinum Reserve.
  3549 | D:3      | Noticed Jessica
  3554 | D:3      | Killed Jessica
  3589 | D:3      | Found a runed translucent door.
  3590 | D:3      | Noticed Crazy Yiuf
  3597 | D:3      | Killed Crazy Yiuf
  4130 | D:4      | Reached skill level 5 in Short Blades
  4130 | D:4      | Reached XP level 5. HP: 38/42 MP: 7/9
  4132 | D:4      | Reached skill level 1 in Spellcasting
  4138 | D:4      | Learned a level 2 spell: Ensorcelled Hibernation
  4164 | D:4      | Reached skill level 1 in Hexes
  4474 | D:4      | Reached XP level 6. HP: 50/50 MP: 10/10
  4637 | D:4      | Noticed Pikel
  4685 | D:5      | Reached skill level 2 in Hexes
  4702 | D:5      | Killed a water moccasin
  4899 | D:5      | Reached skill level 3 in Hexes
  5199 | D:5      | Reached XP level 7. HP: 51/56 MP: 11/11
  5605 | D:3      | Killed Ijyb
  5692 | D:3      | Killed Pikel
  5693 | D:3      | Reached skill level 4 in Hexes
  6087 | D:5      | Reached XP level 8. HP: 33/61 MP: 10/12
  6252 | D:5      | Reached skill level 5 in Hexes
  7099 | D:6      | Reached skill level 6 in Hexes
  7246 | D:6      | Found a staircase to the Ecumenical Temple.
  7310 | D:6      | HP: 1/63 [wight/+0 scimitar (10)]
  7316 | Temple   | Entered the Ecumenical Temple
  7654 | D:6      | Identified the +1 robe of the Crypt {rF+}
  8422 | D:7      | Reached XP level 9. HP: 68/72 MP: 13/13
  9353 | D:8      | Found a sand-covered staircase.
  9359 | Ossuary  | Entered an ossuary
  9679 | D:8      | Noticed Joseph
  9686 | D:8      | Killed Joseph
  9687 | D:8      | Reached skill level 5 in Fighting
  9687 | D:8      | Reached skill level 7 in Hexes
 10307 | D:8      | Identified 3 scrolls of acquirement
 10309 | D:8      | Acquired a +5 rapier of speed
 10413 | D:9      | Found a flagged portal.
 10455 | Bailey   | Entered a bailey
 10515 | Bailey   | Reached skill level 8 in Hexes
 10853 | Bailey   | Reached XP level 10. HP: 71/83 MP: 14/14
 10924 | Bailey   | Noticed Prince Ribbit
 10938 | Bailey   | Killed Prince Ribbit
 10961 | Bailey   | Noticed a vault guard
 10970 | Bailey   | Noticed a vault guard
 10990 | Bailey   | Killed a vault guard
 10991 | Bailey   | Reached skill level 10 in Short Blades
 11343 | Bailey   | Killed a vault guard
 11575 | Bailey   | Acquired the +3 pair of seven-league boots {Rampage+∞}
 11575 | Bailey   | Found the +3 pair of seven-league boots {Rampage+∞}
 11594 | D:9      | Acquired the ring of Impatience {AC+4 Str-2 Dex+2 SInv}
 11640 | D:9      | Reached skill level 9 in Hexes
 13411 | D:10     | Entered Level 10 of the Dungeon
 13452 | D:10     | Noticed Lodul
 13635 | D:10     | Identified the +0 ring mail "Qymin" {Contam rPois rF-
                  | Int+7}
 13654 | D:10     | Reached skill level 10 in Hexes
 13712 | D:10     | Reached XP level 11. HP: 69/92 MP: 15/15
 14165 | D:10     | Found a transporter.
 14168 | D:10     | Noticed a two-headed ogre
 14171 | D:10     | Noticed ytrimaz's ghost (novice OpTm)
 14174 | D:10     | Noticed a deep troll
 14345 | D:10     | Found a transporter.
 14473 | D:11     | Found a staircase to the Orcish Mines.
 14483 | Orc:1    | Entered Level 1 of the Orcish Mines
 14484 | Orc:1    | Found Leej's Book Shoppe.
 14487 | Orc:1    | Found Yxesin's Assorted Antiques.
 14492 | Orc:1    | Bought a book of Debilitation for 260 gold pieces
 14508 | D:11     | Learned a level 3 spell: Confusing Touch
 14510 | D:11     | Learned a level 1 spell: Slow
 14611 | D:11     | Found a staircase to the Lair.
 14645 | D:11     | Noticed a boulder beetle
 14675 | D:11     | Noticed a two-headed ogre
 15308 | D:11     | Killed a two-headed ogre
 15309 | D:11     | Reached skill level 5 in Dodging
 15399 | Lair:1   | Entered Level 1 of the Lair of Beasts
 15798 | Lair:1   | Identified the +4 robe of Tenacity {rPois rF++ Stlth+}
 16135 | Lair:1   | Reached skill level 11 in Hexes
 16866 | Lair:2   | Learned a level 4 spell: Anguish
 16892 | Lair:2   | Noticed a death yak
 16892 | Lair:2   | Noticed a death yak
 16892 | Lair:2   | Noticed a death yak
 16974 | Lair:2   | Noticed a death yak
 16974 | Lair:2   | Noticed a death yak
 16974 | Lair:2   | Noticed a death yak
 16992 | Lair:1   | Killed a death yak
 17214 | Lair:1   | Killed a death yak
 17223 | Lair:1   | Killed a death yak
 17497 | Lair:1   | Killed a death yak
 17760 | Lair:1   | Killed a death yak
 17800 | Lair:1   | Killed a death yak
 18167 | Lair:2   | Reached XP level 12. HP: 103/103 MP: 11/19
 18852 | Lair:3   | Found a hole to the Spider Nest.
 19360 | Lair:3   | Reached skill level 12 in Hexes
 19402 | Lair:3   | Found a staircase to the Shoals.
 19658 | Lair:3   | Noticed a boulder beetle
 19689 | Lair:3   | Killed a boulder beetle
 19841 | Lair:3   | Noticed a catoblepas
 19855 | Lair:3   | Killed a catoblepas
 20257 | Lair:4   | Identified the +7 quarterstaff of the Devouring Whale
                  | {freeze, rC+ Stlth+}
 20325 | Lair:4   | Noticed an eight-headed hydra
 20344 | Lair:4   | Killed an eight-headed hydra
 20509 | Lair:4   | Noticed a seven-headed hydra
 20530 | Lair:4   | Killed a seven-headed hydra
 21408 | Lair:4   | Identified the +3 scale mail of Wuvuiw {rC++ Int+5}
 21622 | Lair:4   | Noticed Josephine
 21775 | Lair:4   | Killed Josephine
 21933 | Lair:4   | Reached skill level 13 in Hexes
 22351 | Lair:5   | Entered Level 5 of the Lair of Beasts
 22364 | Lair:4   | Reached XP level 13. HP: 103/111 MP: 22/22
 22918 | Lair:5   | Found a staircase to the Slime Pits.
 23325 | Lair:5   | Reached skill level 10 in Fighting
 23325 | Lair:5   | Reached skill level 14 in Hexes
 23325 | Lair:5   | Reached XP level 14. HP: 121/121 MP: 24/24
 23747 | Lair:5   | Learned a level 5 spell: Silence
 24010 | Lair:5   | Identified the +2 leather armour of Zusk {rF+}
 24566 | Lair:5   | Found a gateway to Hell.
 25060 | Lair:5   | Learned a level 3 spell: Tukima's Dance
 26197 | D:12     | Reached skill level 15 in Hexes
 26604 | D:13     | Found a frozen archway.
 26932 | IceCv    | Entered an ice cave
 28008 | IceCv    | Reached XP level 15. HP: 121/129 MP: 20/26
 28967 | D:13     | Found a gate to the Vaults.
 28990 | D:13     | Reached skill level 5 in Spellcasting
 29635 | Orc:1    | Bought a scroll of identify for 78 gold pieces
 29635 | Orc:1    | Bought a potion of curing for 117 gold pieces
 29673 | Orc:1    | Found a transporter.
 29689 | Orc:1    | Noticed Faerphill's ghost (journeyman DgCj)
 29915 | Orc:1    | Found a transporter.
 30039 | Orc:1    | Found Zempeureph's Weapon Emporium.
 30348 | Orc:1    | Found Idiamn's Weapon Boutique.
 30434 | Orc:1    | Found Qaome's Distillery.
 30635 | Orc:2    | Entered Level 2 of the Orcish Mines
 31019 | Orc:2    | Found a staircase to the Elven Halls.
 31981 | Orc:2    | Found Dumer's Assorted Antiques.
 31981 | Orc:2    | Found Reofar's Magic Scroll Emporium.
 32496 | Orc:2    | Found Reyrr's Distillery.
 32496 | Orc:2    | Found Jyschal's General Store.
 32518 | Orc:2    | Bought a scroll labelled WOQOAM RYOWK for 41 gold pieces
 32520 | Orc:2    | Bought a scroll labelled WOQOAM RYOWK for 41 gold pieces
 32520 | Orc:2    | Bought a scroll labelled WOQOAM RYOWK for 41 gold pieces
 32522 | Orc:2    | Bought a scroll of identify for 28 gold pieces
 32535 | Orc:2    | Bought a scroll of teleportation for 42 gold pieces
 32609 | Orc:1    | Bought the +9 arbalest of the Viper {speed, rElec rCorr}
                  | for 1249 gold pieces
 32832 | D:13     | Learned a level 5 spell: Yara's Violent Unravelling
 33175 | D:14     | Reached skill level 16 in Hexes
 34665 | D:15     | Entered Level 15 of the Dungeon
 34769 | D:15     | Noticed Roxanne
 34820 | D:15     | Noticed Azrael
 34859 | D:15     | Killed Azrael
 34919 | D:15     | Found a gate leading to a gauntlet.
 34938 | Gauntlet | Entered a Gauntlet
 34938 | Gauntlet | Found a transporter.
 35003 | Gauntlet | Found a transporter.
 35006 | Gauntlet | Found a transporter.
 35007 | Gauntlet | Found a transporter.
 35013 | Gauntlet | Found a runed translucent gate.
 35013 | Gauntlet | Found a runed translucent gate.
 35013 | Gauntlet | Found a runed translucent gate.
 35015 | Gauntlet | Found a transporter.
 35018 | Gauntlet | Found a transporter.
 35019 | Gauntlet | Found a transporter.
 35028 | Gauntlet | Found a transporter.
 35031 | Gauntlet | Found a transporter.
 35032 | Gauntlet | Found a transporter.
 35040 | Gauntlet | Found a transporter.
 35043 | Gauntlet | Found a transporter.
 35044 | Gauntlet | Found a transporter.
 35052 | Gauntlet | Found a transporter.
 35419 | Gauntlet | Identified the +2 hat "Berphu Zioge" {rC++ Dex+3}
 36116 | D:15     | Found a staircase to the Depths.
 37141 | D:15     | Killed Roxanne
 37630 | Orc:2    | Bought a scroll of brand weapon for 133 gold pieces
 37807 | D:10     | Reached XP level 16. HP: 58/139 MP: 18/29
 37811 | D:10     | Killed ytrimaz's ghost
 38224 | Shoals:1 | Entered Level 1 of the Shoals
 39286 | Shoals:1 | Found Bostreeck's Book Shoppe.
 39955 | Shoals:1 | Reached skill level 17 in Hexes
 39960 | Shoals:1 | Learned a level 4 spell: Fulminant Prism
 40332 | Shoals:2 | HP: 2/141 [water nymph (7)]
 40332 | Shoals:2 | Drowned by a water nymph

Illustrated notes

Levels and vault maps discovered:
D:1:      nicolae_arrival_somewhat_less_tricky_arrival, layout_basic,
          serial_shops, nicolae_shop_bloodbath_and_beyond, nrook_loot_triangle,
          minmay_bisected
D:2:      layout_basic, shapermc_ecumenical_altar_starsandcircs, basic_altar,
          minmay_misc_feat_plants
D:3:      layout_basic, nicolae_gozag_zags_fifth_avenue,
          cheibrodos_worm_habitat, chequers_avenue, kennysheep_generic_room_16,
          uniq_ijyb, uniq_jessica, uniq_crazy_yiuf_cottage
D:4:      layout_rooms, minmay_ruined_shrine, uniq_pikel
D:5:      layout_basic, nicolae_overflow_hallway_of_the_gods
D:6:      layout_gridville, minmay_temple_entry_steel_oval, serial_rivers,
          chequers_serial_rivers_large_a, chequers_serial_rivers_micro_c,
          chequers_serial_rivers_large_b, chequers_serial_rivers_micro_a,
          chequers_serial_rivers_micro_b, chequers_serial_rivers_small_3
D:7:      layout_layer_cave, nicolae_overflow_crystal_walls,
          grunt_decor_arrowhead
D:8:      layout_basic, nicolae_uskayaw_murder_on_the_dancefloor,
          nicolae_ossuary_entry_plus, uniq_joseph
D:9:      layout_rooms, enter_bailey_5, minivault_8
D:10:     layout_long_grid, gammafunk_ghost_wrathful_warriors,
          kb_lookout_dungeons_type, uniq_lodul
D:11:     layout_small_grid, lair_entry_dummy, fedhas_altar_2
D:12:     layout_roguey
D:13:     layout_stronghold, erik_vaults_1, portal_ice_cave_entry_ice_simulacra
D:14:     layout_long_grid, minmay_misc_feat_encased, nicolae_eternal_life
D:15:     grunt_enter_depths_magical_seal, layout_basic,
          nicolae_kikubaaqudgha_miasma_corner, gauntlet_entry_generic,
          uniq_roxanne, uniq_azrael
Temple:   nicolae_temple_no_exploring_needed
Lair:1:   layout_layer_cave
Lair:2:   layout_layer_cave, infiniplex_staircase_pool
Lair:3:   layout_regular_city, shoals_dummy_entry, spider_nest_entry_webs,
          dpeg_oklob_1, lemuel_fruit_tree
Lair:4:   lemuel_reptile_caves, layout_long_grid, uniq_josephine
Lair:5:   evil_forest, layout_cellular_growth, slime_entry_1, grunt_megastairs_5
Shoals:1: layout_shoals, serial_shops, shop_statue, argonaut_gorgonesque
Shoals:2: nicolae_shoals_lighthouse, layout_shoals, nicolae_splish_splash,
          uniq_nikola
Orc:1:    layout_diamond_mine, serial_shops, shop, shop,
          nicolae_shop_waterfront, nicolae_shop_behind_doors,
          nicolae_shop_competitors_out_of_business, gammafunk_ghost_stat_death
Orc:2:    grunt_orc_tribal_feast, layout_diamond_mine

Skill      XL: |  1  2  3  4  5  6  7  8  9 10 11 12 13 14 15 16 |
---------------+-------------------------------------------------+-----
Short Blades   | 2 3 4 5 6 7 8 9 10 11 12 14 | 14.0
Spellcasting   | 1 2 4 6 7 |  7.1
Hexes          | 1 3 4 6 8 10 11 13 14 15 16 17 | 17.0
Fighting       | 3 4 5 7 8 9 10 11 12 | 12.7
Dodging        | 2 4 6 7 8 9 |  9.8
Stealth        | |  4.5

Action                   |  1- 3 |  4- 6 |  7- 9 | 10-12 | 13-15 | 16-18 || total
-------------------------+-------+-------+-------+-------+-------+-------++-------
Melee: Short sword       |    50 |       |    82 |       |       |       ||   132
       Punch             |     4 |     1 |     6 |    22 |    10 |       ||    43
       Dagger            |    90 |   131 |   204 |    74 |     8 |       ||   507
       Falchion          |       |       |    21 |       |       |       ||    21
       Long sword        |       |       |    21 |       |       |       ||    21
       Rapier            |       |       |    70 |   977 |  2383 |   195 ||  3625
       Quick blade       |       |       |       |       |     6 |    27 ||    33
 Fire: Sling             |    19 |    10 |       |       |       |       ||    29
       Arbalest          |       |       |       |       |    19 |       ||    19
Throw: Boomerang         |     5 |    33 |    10 |    19 |    14 |       ||    81
       Dart              |       |     2 |       |     4 |     1 |       ||     7
       Javelin           |       |       |       |       |     2 |     1 ||     3
 Cast: Call Imp          |       |     3 |    11 |    23 |    10 |       ||    47
       Ensorcelled Hiber |       |       |    11 |     8 |    12 |     2 ||    33
       Slow              |       |       |       |    69 |    36 |       ||   105
       Confusing Touch   |       |       |       |    30 |    88 |     9 ||   127
       Anguish           |       |       |       |     2 |    16 |     1 ||    19
       Tukima's Dance    |       |       |       |       |    21 |    12 ||    33
       Silence           |       |       |       |       |     3 |       ||     3
Evoke: Wand              |     1 |     2 |     9 |     8 |     5 |     1 ||    26
  Use: Scroll            |       |       |    13 |     4 |    20 |     3 ||    40
       Potion            |       |       |       |       |     3 |       ||     3
 Stab: Sleeping          |     8 |     4 |    19 |    10 |    14 |     3 ||    58
       Distracted        |       |     2 |     1 |     6 |     2 |       ||    11
       Confused          |       |       |       |    44 |   107 |    14 ||   165
Armor: Leather armour    |    39 |    33 |    98 |    65 |       |       ||   235
       Robe              |       |       |       |    68 |   252 |    36 ||   356
       Scale mail        |       |       |       |       |    76 |       ||    76
Dodge: Dodged            |    74 |    47 |   124 |   341 |   823 |    92 ||  1501
Block: Other             |       |    14 |    55 |    82 |    32 |       ||   183
       Reflection        |       |       |     2 |     5 |     7 |     9 ||    23
       Buckler           |       |       |       |     4 |   528 |    85 ||   617

Table legend: (Time is in decaauts)
 A = Elapsed time spent in this place.
 B = Non-inter-level travel time spent in this place.
 C = Inter-level travel time spent in this place.
 D = Time resting spent in this place.
 E = Time spent auto-exploring this place.
 F = Levels seen in this place.
 G = Mean time per level.
                   A        B        C        D        E       F      G
               +--------+--------+--------+--------+--------+-----+--------+
         Total |  38254 |  36094 |   2160 |   7202 |  19462 |  29 | 1319.1 |
       Dungeon |  20093 |  18959 |   1134 |   3274 |  10708 |  15 | 1339.5 |
        Temple |    312 |    312 |      0 |    311 |      0 |   1 |  312.0 |
          Lair |   9224 |   8582 |    642 |   1133 |   5245 |   5 | 1844.8 |
        Shoals |   2004 |   1947 |     57 |    428 |   1175 |   2 | 1002.0 |
  Orcish Mines |   3014 |   2689 |    325 |    791 |   1344 |   2 | 1507.0 |
       Ossuary |    258 |    258 |      0 |      0 |     53 |   1 |  258.0 |
        Bailey |   1084 |   1084 |      0 |    684 |     66 |   1 | 1084.0 |
      Ice Cave |   1488 |   1488 |      0 |    395 |    542 |   1 | 1488.0 |
      Gauntlet |    773 |    773 |      0 |    185 |    328 |   1 |  773.0 |
               +--------+--------+--------+--------+--------+-----+--------+

Top non-repeatable levels by time:
  Lair:1: 2326 daAuts
  Lair:4: 2208 daAuts
  Lair:5: 2077 daAuts
     D:5: 2044 daAuts
    D:14: 1870 daAuts
Shoals:1: 1862 daAuts
    D:10: 1739 daAuts
   Orc:1: 1609 daAuts
    D:13: 1551 daAuts
     D:9: 1506 daAuts
   IceCv: 1488 daAuts
    D:15: 1418 daAuts
   Orc:2: 1404 daAuts
  Lair:2: 1364 daAuts
     D:7: 1331 daAuts
